 Dungeon Crawl Stone Soup version 0.28.0-45-g0d030f2227 (webtiles) character file.

Game seed: 14582123669702211202

10248 sanboga the Cleaver (level 11, -6/106 HPs)
             Began as a Gargoyle Fighter on Apr 21, 2022.
             Was a Follower of Trog.
             Killed from afar by Fannar (18 damage)
             ... with a bolt of cold
             ... on level 10 of the Dungeon.
             The game lasted 00:20:05 (12472 turns).

sanboga the Cleaver (Gargoyle Fighter)             Turns: 12472, Time: 00:20:05

Health: -6/106     AC: 29    Str: 24    XL:     11   Next: 59%
Magic:  11/11      EV:  7    Int:  9    God:    Trog [*.....]
Gold:   453        SH:  8    Dex:  9    Spells: 10/10 levels left

rFire   . . .      SeeInvis +   a - +3 war axe (venom)
rCold   . . .      Faith    .   F - +2 buckler
rNeg    + . .      Spirit   .   c - +0 plate armour
rPois   ∞          Reflect  .   j - +0 helmet
rElec   +          Harm     .   s - +2 cloak {rCorr}
rCorr   +          Rampage  .   n - +0 pair of gloves
Will    .....                   i - +0 pair of boots
Stlth   ..........              (no amulet)
HPRegen 0.27/turn               y - ring of see invisible
MPRegen 0.12/turn               (no ring)

@: berserking, very quick
A: sickness immunity, AC +8, negative energy resistance 1, electricity
resistance, torment resistance 1, petrification resistance
a: Renounce Religion, Berserk


You were on level 10 of the Dungeon.
You worshipped Trog.
Trog was aware of your devotion.
You visited 2 branches of the dungeon, and saw 12 of its levels.
You also visited: Sewer.

You collected 608 gold pieces.
You spent 155 gold pieces at shops.

Inventory:

Hand Weapons
 a - a +3 war axe of venom (weapon)
 b - a +3 vorpal hand axe
Armour
 c - a +0 plate armour (worn)
 i - a +0 pair of boots (worn)
 j - a +0 helmet (worn)
 n - a +0 pair of gloves (worn)
 s - a +2 cloak of preservation (worn)
 F - a +2 buckler (worn)
Jewellery
 y - a ring of see invisible (left hand)
Wands
 d - a wand of digging (3)
 g - a wand of flame (29)
 p - a wand of acid (9)
 v - a wand of iceblast (25)
 x - a wand of charming (10)
Scrolls
 h - a scroll of fog
 k - a scroll of identify
 l - 3 scrolls of teleportation
 m - 4 scrolls of summoning
 t - a scroll of blinking
 w - a scroll of enchant weapon
 z - 4 scrolls of enchant armour
 A - a scroll of magic mapping
 E - a scroll of holy word
Potions
 e - 6 potions of heal wounds
 f - 2 potions of flight
 o - a potion of cancellation
 D - 4 potions of curing
Miscellaneous
 B - a phantom mirror (inert)


   Skills:
 + Level 9.4 Fighting
 * Level 10.6 Axes
 + Level 9.4 Armour
 + Level 9.5 Shields


You had 10 spell levels left.
You didn't know any spells.
Your spell library contained the following spells:

 Spells                   Type           Power      Damage    Failure   Level
 Blink                    Tloc           0%         N/A       100%        2
 Passwall                 Tmut/Erth      0%         N/A       100%        2
 Confusing Touch          Hex            0%         N/A       100%        3
 Lesser Beckoning         Tloc           0%         N/A       100%        3
 Anguish                  Hex/Necr       0%         N/A       100%        4
 Leda's Liquefaction      Hex/Erth       0%         N/A       100%        4
 Passage of Golubria      Tloc           0%         N/A       100%        4
 Summon Lightning Spire   Summ/Air       0%         N/A       100%        4
 Manifold Assault         Tloc           0%         N/A       100%        5
 Silence                  Hex/Air        0%         N/A       100%        5
 Yara's Violent Unravell  Hex/Tmut       0%         3d3       100%        5
 Eringya's Noxious Bog    Tmut/Pois      0%         N/A       100%        6
 Enfeeble                 Hex            0%         N/A       100%        7
 Storm Form               Tmut/Air       0%         N/A       100%        7
 Lehudib's Crystal Spear  Conj/Erth      0%         10d2      100%        8
 Maxwell's Capacitive Co  Air            0%         ∞         100%        8


Dungeon Overview and Level Annotations

Branches:
Dungeon (11/15)            Temple (1/1) D:6            Lair (0/6) D:9
  Sewer (visited)
    Orc: D:9-12

Altars:
Ashenzari
Cheibriados
Dithmenos
Elyvilon
Fedhas
Gozag
Hepliaklqana
Kikubaaqudgha
Makhleb
Nemelex Xobeh
Okawaru
Qazlal
Ru
Sif Muna
Trog
Uskayaw
Vehumet
Wu Jian
Xom
Yredelemnul
Zin
The Shining One

Shops:
D:2 :([   D:8 :   D:9 *

Annotations:
D:10 Fannar


Innate Abilities, Weirdness & Mutations

You are immune to sickness and miasma.
Your stone body is resilient. (AC +8)
You are immune to poison.
You resist negative energy. (rN+)
You are resistant to electric shocks. (rElec)
You are resistant to unholy torment.
You are immune to petrification.


Message History

Fannar hits you but does no damage.
You fail to use your ability.
You block Fannar's attack.
A red film seems to cover your vision as you go berserk!
You feel yourself moving faster!
You feel mighty!
Fannar mumbles some strange words.
Fannar drains the heat from the surrounding environment!
* * * LOW HITPOINT WARNING * * *
You slash Fannar!
Fannar is lightly wounded.
You hit Fannar.
Fannar is lightly wounded.
Fannar gestures wildly while chanting.
You barely miss Fannar.
Fannar is moderately wounded.
Fannar hits you but does no damage.
You closely miss Fannar.
Fannar is moderately wounded.
Fannar hits you but does no damage.
You slice Fannar!!
Fannar looks as sick as possible!
Fannar is heavily wounded.
You barely miss the ice beast. The ice beast barely misses you.
You miss Fannar.
Fannar is heavily wounded.
You hit the ice beast. Fannar hits you but does no damage.
You slice Fannar!!
Fannar looks as sick as possible!
Fannar is severely wounded.
You slash the ice beast! You block the ice beast's attack.
You closely miss Fannar.
Fannar is severely wounded.
You barely miss the ice beast. Fannar hits you but does no damage.
You block the ice beast's attack.
You closely miss Fannar.
Fannar is almost dead.
You slash the ice beast!
You kill the ice beast!
The ice beast disappears in a puff of smoke!
Fannar casts a spell at you. The bolt of cold hits you!!
You die...

##############
############............#
##.........##............#
.'.........#.............#
##................<..[...#
#.........##............#
#....(....##...@........#
#.........##...e§.!.....#
#.........##............#
####'##########+#########
##..# #..# #..## ##.#
###'####### #.#
..........# #.#
..........# #.#


You could see Fannar (extremely poisoned).

Vanquished Creatures
  A hydra (D:10)
  A two-headed ogre (D:9)
  A death yak (D:8)
  Pikel (D:8)
  A merfolk (D:8)
  2 trolls (D:10)
  Prince Ribbit (D:5)
  A centaur simulacrum (D:10)
  A vampire (D:9)
  3 yaks (D:9)
  Eustachio (D:5)
  2 wyverns
  Grum (D:8)
  A steam dragon (D:9)
  Menkaure (D:5)
  An acid dragon (D:9)
  Duvessa (D:7)
  3 sky beasts
  6 ice beasts
  5 orc warriors
  6 centaurs
  2 wolves (D:8)
  3 phantoms
  A lemure (D:8)
  2 kobold brigands (D:10)
  2 gnoll sergeants (D:9)
  2 bullfrogs (D:7)
  4 scorpions
  A wyvern zombie (D:9)
  Dowan (D:7)
  8 killer bees
  14 wights
  3 electric eels (D:10)
  3 howler monkeys
  4 centaur zombies
  Crazy Yiuf (D:3)
  A jelly (D:4)
  6 orc priests
  2 centaur skeletons
  Jessica (D:2)
  Ijyb (D:3)
  2 iguanas (D:6)
  11 orc wizards
  A scorpion zombie (D:5)
  4 hell rats
  A howler monkey zombie (D:9)
  Robin (D:2)
  A howler monkey skeleton (D:6)
  6 gnolls
  6 adders
  4 river rats
  A shadow imp (D:4)
  A white imp (D:6)
  A howler monkey simulacrum (D:10)
  An ufetubus (D:4)
  2 worms (D:2)
  4 dart slugs
  25 orcs
  7 bats
  7 endoplasms
  A giant cockroach (D:1)
  15 goblins
  11 hobgoblins
  4 jackals (D:4)
  6 quokkas
  7 ball pythons
  2 frilled lizards
  14 kobolds
  13 rats
262 creatures vanquished.

Vanquished Creatures (others)
  Maurice (D:8)
1 creature vanquished.

Grand Total: 263 creatures vanquished

Notes
Turn   | Place    | Note
-------+----------+-------------------------------------------
     0 | D:1      | sanboga the Gargoyle Fighter began the quest for the Orb.
     0 | D:1      | Reached XP level 1. HP: 14/14 MP: 1/1
   101 | D:1      | Reached skill level 2 in Axes
   163 | D:1      | Reached XP level 2. HP: 19/19 MP: 2/2
   204 | D:1      | Found a faded altar of an unknown god.
   507 | D:1      | Reached XP level 3. HP: 21/23 MP: 3/3
   784 | D:2      | Found Istrushri's Antique Weapon Emporium.
   979 | D:2      | Reached XP level 4. HP: 19/29 MP: 4/4
  1230 | D:2      | Found Bihunk's Armour Emporium.
  1240 | D:2      | Bought a +0 pair of boots for 45 gold pieces
  1549 | D:2      | Noticed Robin
  1556 | D:2      | Reached skill level 3 in Axes
  1571 | D:2      | Killed Robin
  1572 | D:2      | Reached XP level 5. HP: 18/33 MP: 5/5
  1708 | D:2      | Found Siruuh's Book Emporium.
  1743 | D:2      | Noticed Jessica
  1752 | D:2      | Killed Jessica
  2051 | D:3      | Found a white marble altar of Elyvilon.
  2071 | D:3      | Noticed Ijyb
  2085 | D:3      | Killed Ijyb
  2379 | D:2      | Bought a +0 pair of gloves for 45 gold pieces
  2521 | D:3      | Found a sparkling altar of Nemelex Xobeh.
  2526 | D:3      | Noticed a sky beast
  2555 | D:3      | Killed a sky beast
  2556 | D:3      | Reached XP level 6. HP: 32/39 MP: 6/6
  2894 | D:3      | Found a runed translucent door.
  2895 | D:3      | Noticed Crazy Yiuf
  3055 | D:3      | Killed Crazy Yiuf
  3056 | D:3      | Reached skill level 4 in Axes
  3368 | D:4      | Reached XP level 7. HP: 44/44 MP: 7/7
  3790 | D:5      | Entered Level 5 of the Dungeon
  3802 | D:5      | Reached skill level 5 in Fighting
  3802 | D:5      | Reached skill level 5 in Armour
  3802 | D:5      | Reached skill level 5 in Shields
  3819 | D:5      | Noticed Eustachio
  3851 | D:5      | Killed Eustachio
  3852 | D:5      | Reached skill level 5 in Axes
  3882 | D:5      | Found a shimmering altar of Xom.
  3945 | D:5      | Noticed Prince Ribbit
  3960 | D:5      | Killed Prince Ribbit
  3961 | D:5      | Reached XP level 8. HP: 18/50 MP: 8/8
  4445 | D:5      | Noticed Menkaure
  4453 | D:5      | Killed Menkaure
  4639 | D:6      | Reached skill level 6 in Axes
  4830 | D:6      | Found a staircase to the Ecumenical Temple.
  4882 | D:6      | Found a glowing drain.
  4904 | Sewer    | Entered a sewer
  5252 | Temple   | Entered the Ecumenical Temple
  5568 | D:6      | Found a hazy altar of Hepliaklqana.
  5909 | D:7      | Reached XP level 9. HP: 30/56 MP: 9/9
  6246 | D:7      | Noticed Duvessa
  6287 | D:7      | Reached skill level 7 in Axes
  6297 | D:7      | Noticed Dowan
  6299 | D:7      | Killed Duvessa
  6462 | D:7      | Killed Dowan
  7439 | D:8      | Reached skill level 8 in Axes
  7731 | D:8      | Reached XP level 10. HP: 61/63 MP: 10/10
  7769 | D:8      | Noticed a two-headed ogre
  7771 | D:8      | a two-headed ogre changed into a merfolk
  7821 | D:8      | Found Xuassebio's Book Shop.
  7855 | D:8      | Got Sif Muna's Volume of Mutagenic Enchantment
  8050 | D:8      | Noticed Pikel
  8062 | D:8      | Killed Pikel
  8597 | D:8      | Noticed Maurice
  8597 | D:8      | Noticed Grum
  8623 | D:8      | Killed Grum
  8623 | D:8      | Killed Maurice
  8624 | D:8      | Reached skill level 9 in Axes
  9060 | D:9      | Found a staircase to the Lair.
  9061 | D:9      | Noticed a death yak
  9061 | D:9      | Noticed a death yak
  9061 | D:9      | Noticed a death yak
  9090 | D:8      | Killed a death yak
  9383 | D:9      | Found Vaaprio's General Store.
  9394 | D:9      | Bought a potion of heal wounds for 65 gold pieces
  9733 | D:9      | Reached XP level 11. HP: 32/69 MP: 11/11
  9962 | D:9      | Noticed a two-headed ogre
  9986 | D:9      | Killed a two-headed ogre
  9987 | D:9      | Reached skill level 10 in Axes
 10454 | D:9      | Found a shadowy altar of Dithmenos.
 10454 | D:9      | Found a bloodstained altar of Trog.
 10462 | D:9      | Found a glowing golden altar of the Shining One.
 10467 | D:9      | Became a worshipper of Trog the Wrathful
 10470 | D:9      | Found a sacrificial altar of Ru.
 10472 | D:9      | Found an opulent altar of Gozag.
 10777 | D:10     | Entered Level 10 of the Dungeon
 11169 | D:10     | Reached * piety under Trog
 11413 | D:10     | Noticed a six-headed hydra
 11424 | D:10     | Killed a six-headed hydra
 12047 | D:11     | Noticed a five-headed hydra
 12299 | D:11     | Noticed Fannar
 12472 | D:10     | Killed from afar by Fannar

Illustrated notes

Levels and vault maps discovered:
D:1:      elethiomel_arrival_shortcut, layout_rooms, basic_ecumenical_altar
D:2:      layout_loops_cross, serial_shops, nicolae_shop_window_shopping,
          nicolae_shop_stone, nicolae_shop_hallway_stairs, uniq_jessica,
          uniq_robin
D:3:      layout_loops_cross, nemelex_xobeh_ov_fountains_minmay,
          old_standard_altar, uniq_crazy_yiuf_cottage, uniq_ijyb
D:4:      layout_basic
D:5:      minmay_inner_zag, layout_basic, mainiacjoe_overflow_small_starburst,
          minmay_misc_feat_nine_boxes, uniq_menkaure, uniq_eustachio,
          uniq_prince_ribbit1
D:6:      layout_cave_pools, nicolae_overflow_hidden_temple,
          minmay_temple_entry_ruins, portal_sewer_entry_b
D:7:      kennysheep_spiral_hall, layout_gridville, kennysheep_minor_cross,
          uniq_duvessa
D:8:      layout_basic, serial_shops, nicolae_shop_window_shopping,
          uniq_maurice, uniq_pikel, uniq_grum
D:9:      minmay_razor_zed, layout_loops_ring,
          chequers_temple_overflow_minitemple, dpeg_lair_monsters, serial_shops,
          nicolae_stop_n_shop_2
D:10:     layout_roguey, serial_ice, serial_ice_m, serial_ice_k, serial_ice_e,
          serial_ice_f, minmay_increasing_density
D:11:     layout_roguey, nicolae_hepliaklqana_hazy_memory, uniq_snorg,
          uniq_fannar
Temple:   dshaligram_water_room_temple

Skill      XL: |  1  2  3  4  5  6  7  8  9 10 11 |
---------------+----------------------------------+-----
Axes           | 2 3 4 5 6 8 9 10 | 10.6
Shields        | 4 5 6 7 8 9 |  9.5
Fighting       | 4 5 6 7 8 9 |  9.4
Armour         | 4 5 6 7 8 9 |  9.4

Action                   |  1- 3 |  4- 6 |  7- 9 | 10-12 || total
-------------------------+-------+-------+-------+-------++-------
Melee: War axe           |   104 |   173 |       |   258 ||   535
       Hand axe          |       |     6 |   380 |    75 ||   461
Invok: Berserk           |       |       |       |     1 ||     1
Evoke: Wand              |       |       |     5 |    24 ||    29
       Phantom mirror    |       |       |       |     1 ||     1
  Use: Potion            |       |     5 |       |     5 ||    10
       Scroll            |       |       |    12 |     8 ||    20
Armor: Scale mail        |    79 |   101 |       |       ||   180
       Chain mail        |       |    27 |   250 |       ||   277
       Plate armour      |       |       |     1 |   298 ||   299
Dodge: Dodged            |    74 |    87 |   109 |   118 ||   388
Block: Buckler           |    22 |    54 |   105 |   120 ||   301
